[Event "Titled Tuesday Blitz April 26 Early 2022"]
[White "Guliev, Logman"]
[Black "Jumabayev, Rinat"]
[WhiteFideId "13400061"]
[BlackFideId "13702661"]
[WhiteElo "2128"]
[BlackElo "2561"]
[Result "0-1"]
[Round "01"]
[TimeControl "180+1"]
[Date "2022.04.26"]
[WhiteClock "0:00:01"]
[BlackClock "0:00:20"]

1. e4 e5 2. Nf3 Nc6 3. Bb5 a6 4. Ba4 Nf6 5. O-O Be7 6. Re1 b5 7. Bb3 d6 8. c3 O-O 9. h3 Nb8 10. d4 Nbd7 11. Nbd2 Bb7 12. Bc2 Re8 13. Nf1 Bf8 14. Ng3 g6 15. a4 Nb6 16. a5 Nbd7 17. b4 exd4 18. cxd4 c5 19. e5 Nd5 20. bxc5 dxe5 21. dxe5 Nxc5 22. Bg5 Qc7 23. Rc1 Qxa5 24. Ne4 Nxe4 25. Bxe4 Nc3 26. Qd2 Bxe4 27. Rxe4 b4 28. Rh4 Qd5 29. Rd4 Qb5 30. Re1 a5 31. Bf6 a4 32. Rh4 Ra6 33. Qg5 Rxf6 34. Qxf6 Be7 35. Qf4 Ne2+ 36. Rxe2 Qxe2 37. Rxh7 Kxh7 38. Qxf7+ Kh6 39. Qxe8 Qd1+ 40. Kh2 Qd8 41. Qxa4 Kg7 42. Qb3 Bc5 43. Qc2 Qd5 0-1


[Site "https://www.chess.com"]

[Event "Titled Tuesday Blitz April 26 Early 2022"]
[White "Hamley, Ryan"]
[Black "Rustemov, Alexander"]
[WhiteFideId "30959497"]
[BlackFideId "4119002"]
[WhiteElo "2444"]
[BlackElo "2850"]
[Result "0-1"]
[Round "01"]
[TimeControl "180+1"]
[Date "2022.04.26"]
[WhiteClock "0:00:01"]
[BlackClock "0:00:16"]

1. d4 d5 2. c4 dxc4 3. e3 Nf6 4. Bxc4 e6 5. Nf3 c5 6. O-O Nbd7 7. b3 b6 8. Bb2 Bb7 9. Nc3 Be7 10. d5 exd5 11. Nxd5 O-O 12. Nxe7+ Qxe7 13. Qe2 Ne4 14. Rad1 Rad8 15. h3 h6 16. Nd2 Nd6 17. Bd3 Ne5 18. Bc2 f5 19. Rfe1 Rfe8 20. f4 Nc6 21. Nf3 Nb4 22. Bb1 Be4 23. Ne5 Bxb1 24. Rxb1 Qe6 25. a3 Nd5 26. Rbd1 Ne4 27. Qc4 Rd6 28. Rd3 Ndf6 29. Red1 Qxc4 30. Nxc4 Rxd3 31. Rxd3 b5 32. Ne5 Rc8 33. Rd1 c4 34. bxc4 bxc4 35. Rc1 c3 36. Rc2 Nd5 37. Bc1 Rb8 38. Kf1 Rb3 39. Ke2 Nc5 40. g4 Nf6 41. gxf5 Nfe4 42. Kf3 a5 43. h4 a4 44. Nc4 Kf7 45. Na5 Kf6 46. Nc6 Kxf5 47. Nd4+ Kf6 48. Ke2 Rb1 49. Kf3 g6 50. Ne2 Rb3 51. Ra2 Ke6 52. Nd4+ Kd5 53. Ne2 Kc4 54. Nd4 Kd3 55. Nxb3 axb3 56. Ra1 Kc2 0-1


[Site "https://www.chess.com"]

[Event "Titled Tuesday Blitz April 26 Early 2022"]
[White "Harshavardhan G B"]
[Black "Rodrigues, Bruno Morado"]
[WhiteFideId "25059009"]
[BlackFideId "2115654"]
[WhiteElo "1831"]
[BlackElo "2040"]
[Result "0-1"]
[Round "01"]
[TimeControl "180+1"]
[Date "2022.04.26"]
[WhiteClock "0:00:26"]
[BlackClock "0:00:30"]

1. e4 c5 2. Nf3 Nc6 3. Nc3 d6 4. d4 cxd4 5. Nxd4 e5 6. Ndb5 a6 7. Na3 b5 8. Nd5 Nce7 9. c4 Nxd5 10. exd5 bxc4 11. Nxc4 f5 12. Be3 Rb8 13. Be2 Nf6 14. O-O Be7 15. Qa4+ Kf7 16. f4 e4 17. Na5 Nxd5 18. Nc6 Qe8 19. Bc4 Be6 20. Qxa6 Nxe3 21. Bxe6+ Kxe6 22. Nxb8 Nxf1 23. Qc4+ d5 24. Qa6+ Kf7 25. Nc6 Ne3 26. Ne5+ Kf8 27. Qe6 g6 28. Rc1 Nc4 29. Nd7+ Kg7 30. Qxd5 Nd6 31. Ne5 Nf7 32. Rc7 Rf8 33. Nd7 Qd8 34. Qc6 Re8 35. h3 Kg8 36. a4 Bh4 37. Kh2 e3 38. Qc4 e2 39. Ne5 Bg3+ 40. Kxg3 e1=Q+ 41. Kh2 Qxc7 42. Qxc7 Nxe5 43. fxe5 Qxe5+ 44. Qxe5 Rxe5 45. Kg1 Re2 46. b4 Re4 47. b5 Rxa4 48. b6 Rb4 49. b7 Rxb7 0-1


[Site "https://www.chess.com"]

[Event "Titled Tuesday Blitz April 26 Early 2022"]
[White "Haukenfrers, Dale"]
[Black "Olsen, Filip Boe"]
[WhiteFideId "2603780"]
[BlackFideId "1440640"]
[WhiteElo "2021"]
[BlackElo "2188"]
[Result "0-1"]
[Round "01"]
[TimeControl "180+1"]
[Date "2022.04.26"]
[WhiteClock "0:00:53"]
[BlackClock "0:00:15"]

1. c3 d5 2. f3 Nf6 3. e4 e5 4. Be2 Bc5 5. b4 Bb6 6. Qc2 O-O 7. Bb2 Be6 8. Nh3 Nh5 9. Na3 Qh4+ 10. Kd1 Bxh3 11. gxh3 Rd8 12. c4 dxc4 13. Nxc4 Nc6 14. Nxe5 Nd4 15. Qc4 Qf4 16. Nd3 Qd6 17. a4 Nxe2 18. a5 Qxd3 19. Qxd3 Rxd3 20. axb6 cxb6 21. Kxe2 Nf4+ 22. Kf2 Rxd2+ 23. Ke3 Rxb2 24. Kxf4 Rxb4 25. Rhd1 h6 26. Rd7 a5 27. Rc1 a4 28. Rcc7 Rf8 29. Rxb7 a3 30. Ra7 Rb3 31. Kg4 b5 32. h4 b4 33. h3 Rb2 34. Kh5 a2 35. f4 b3 36. e5 Rf2 37. e6 Rxf4 38. Rxf7 R4xf7 39. Kg6 Rxa7 40. Kh5 a1=Q 41. e7 Qe5+ 42. Kg4 Ra4# 0-1


[Site "https://www.chess.com"]

[Event "Titled Tuesday Blitz April 26 Early 2022"]
[White "Hnydiuk, Aleksander"]
[Black "Srebrnic, Marko"]
[WhiteFideId "1109057"]
[BlackFideId "14603616"]
[WhiteElo "2374"]
[BlackElo "2340"]
[Result "0-1"]
[Round "01"]
[TimeControl "180+1"]
[Date "2022.04.26"]
[WhiteClock "0:00:09"]
[BlackClock "0:01:32"]

1. e4 c5 2. Nf3 Nc6 3. Bb5 g6 4. O-O Bg7 5. Nc3 Nf6 6. Re1 O-O 7. e5 Ng4 8. Bxc6 dxc6 9. d3 h5 10. Bf4 Bh6 11. Qd2 Kg7 12. Ne4 b6 13. Neg5 f6 14. exf6+ exf6 15. Ne6+ Bxe6 16. Rxe6 Qd7 17. Rae1 Rae8 18. Rxe8 Rxe8 19. Rxe8 Qxe8 20. h3 Bxf4 21. Qxf4 Nh6 22. Qc7+ Qf7 23. Qxc6 Qxa2 24. Qd7+ Nf7 25. d4 Qxb2 26. d5 Qxc2 27. Qe6 Qd1+ 28. Kh2 c4 29. Qe4 Qd3 30. Qe6 c3 31. Qc6 c2 32. Qc7 Qd1 0-1


[Site "https://www.chess.com"]

[Event "Titled Tuesday Blitz April 26 Early 2022"]
[White "Horobetz, Graham"]
[Black "Lauridsen, Jesper Morch"]
[WhiteFideId "2047322"]
[BlackFideId "1401890"]
[WhiteElo "2600"]
[BlackElo "2282"]
[Result "1/2-1/2"]
[Round "01"]
[TimeControl "180+1"]
[Date "2022.04.26"]
[WhiteClock "0:00:18"]
[BlackClock "0:00:06"]

1. e4 e6 2. d4 d5 3. Nd2 dxe4 4. Nxe4 Nd7 5. Nf3 Ngf6 6. Nxf6+ Nxf6 7. c3 c5 8. Ne5 a6 9. Qa4+ Bd7 10. Nxd7 Qxd7 11. Qxd7+ Kxd7 12. Be3 Nd5 13. Be2 Nxe3 14. fxe3 Rd8 15. Rf1 f6 16. O-O-O Kc7 17. Bg4 f5 18. Be2 g6 19. Kc2 Bh6 20. Rf3 Kc6 21. Bc4 Rhe8 22. Rh3 Bg5 23. Rxh7 b5 24. Be2 e5 25. Rg7 Re6 26. dxe5 Rxd1 27. Bxd1 Bxe3 28. Bf3+ Kb6 29. Rb7+ Ka5 30. a3 c4 31. b4+ cxb3+ 32. Kxb3 Rxe5 33. Rg7 Re6 34. h3 Bd2 35. Kc2 Be1 36. Rd7 Bg3 37. Rd4 Rd6 38. Rxd6 Bxd6 39. Kb3 Kb6 40. Bd5 a5 41. a4 bxa4+ 42. Kxa4 Kc5 43. Bf7 g5 44. Kxa5 Be5 45. c4 g4 46. h4 f4 47. Bd5 Kd6 48. h5 f3 49. gxf3 gxf3 50. Bxf3 Ke7 51. Kb6 Kf8 52. Kc6 Bd4 53. Kd5 Bg1 54. Ke6 Kg7 55. Kd6 Kh8 56. Kd7 Bf2 57. Ke6 Bg1 58. Kf5 Bf2 59. Bd5 Bg1 60. Kg6 Bf2 61. Kg5 Bg1 62. Kg4 Bf2 63. Kh3 Bc5 64. Kg2 Bd4 65. Kf3 Bc5 66. Ke4 Bg1 67. Be6 Bf2 68. Bf5 Bg1 69. Kf3 Bc5 70. Be6 Bd4 71. Ke4 Bc5 72. Kd5 Bg1 73. c5 Bxc5 74. Kxc5 Kg7 75. Kd5 Kh8 76. Ke5 Kg7 77. Kf5 Kh8 78. Kg6 1/2-1/2


[Site "https://www.chess.com"]

[Event "Titled Tuesday Blitz April 26 Early 2022"]
[White "Ianov, Viktor"]
[Black "Kozak, Adam"]
[WhiteFideId "14102730"]
[BlackFideId "753246"]
[WhiteElo "2161"]
[BlackElo "2459"]
[Result "0-1"]
[Round "01"]
[TimeControl "180+1"]
[Date "2022.04.26"]
[WhiteClock "0:01:36"]
[BlackClock "0:02:06"]

1. Nf3 c5 2. g3 Nc6 3. Bg2 e5 4. c4 g6 5. Nc3 Bg7 6. O-O Nge7 7. Ne1 d6 8. Nc2 O-O 9. Ne3 Be6 10. Ned5 Rb8 11. d3 a6 12. a4 Nb4 13. Bg5 f6 14. Bd2 Nbxd5 15. Nxd5 Nxd5 16. Bxd5 Bxd5 17. cxd5 f5 18. e4 fxe4 19. dxe4 Qd7 20. a5 Qb5 21. Bc3 Rf7 22. Qg4 Rbf8 23. Qe6 Qd7 24. Rad1 Re8 25. Qxd7 Rxd7 26. f3 Bh6 27. Kf2 Bg5 28. Ke2 Rf7 29. h4 Bd8 30. b3 Kf8 31. Ke3 Ke7 32. f4 exf4+ 33. gxf4 Kd7 34. Rh1 Bc7 35. h5 Rfe7 36. e5 dxe5 37. d6 exf4+ 38. Kxf4 Bxd6+ 39. Kg5 Kc6 40. hxg6 hxg6 41. Kxg6 Re3 42. Rc1 Rg3+ 43. Kh7 Ree3 44. Bd2 Rh3+ 45. Rxh3 Rxh3+ 46. Kg6 Rxb3 0-1


[Site "https://www.chess.com"]

[Event "Titled Tuesday Blitz April 26 Early 2022"]
[White "Ibrahimli, Murad"]
[Black "Estrada Nieto, Julian"]
[WhiteFideId "13410229"]
[BlackFideId "5101018"]
[WhiteElo "2109"]
[BlackElo "2252"]
[Result "1-0"]
[Round "01"]
[TimeControl "180+1"]
[Date "2022.04.26"]
[WhiteClock "0:02:31"]
[BlackClock "0:02:16"]

1. Nf3 d5 2. d4 Nf6 3. c4 dxc4 4. e3 e6 5. Bxc4 c5 6. O-O a6 7. b3 Nc6 8. Bb2 cxd4 9. Nxd4 Bd7 10. Nf3 Be7 11. Nbd2 O-O 12. Qb1 h6 13. Rd1 Rc8 14. Ne4 Nxe4 15. Qxe4 Qc7 16. Qg4 e5 17. Rxd7 1-0


[Site "https://www.chess.com"]

[Event "Titled Tuesday Blitz April 26 Early 2022"]
[White "Jakubowski, Krzysztof"]
[Black "Todorovic, Bojan"]
[WhiteFideId "1112848"]
[BlackFideId "917087"]
[WhiteElo "2365"]
[BlackElo "2266"]
[Result "0-1"]
[Round "01"]
[TimeControl "180+1"]
[Date "2022.04.26"]
[WhiteClock "0:00:01"]
[BlackClock "0:00:08"]

1. e4 e5 2. Nf3 Nc6 3. Bc4 Bc5 4. d3 Nf6 5. O-O d6 6. c3 O-O 7. a4 a6 8. Re1 h6 9. h3 Qe7 10. Nbd2 Be6 11. b4 Bb6 12. Ba3 Rfe8 13. Bxe6 Qxe6 14. Nc4 Ba7 15. b5 Ne7 16. Qb1 Bb8 17. bxa6 bxa6 18. Nfd2 Ba7 19. Qc2 Nh5 20. Nf1 f5 21. exf5 Nxf5 22. Nce3 Nxe3 23. fxe3 Rf8 24. Kh2 Qg6 25. g4 Nf6 26. Qe2 Nd5 27. Rac1 Rab8 28. c4 Nf6 29. Rcd1 Rb3 30. Bc1 Nh7 31. Qg2 Ng5 32. Kh1 Rxd3 33. Rxd3 Qxd3 34. Qd5+ Qxd5+ 35. cxd5 Ne4 36. Nd2 Nf2+ 37. Kg2 Nd3 38. Rd1 Rf2+ 39. Kg3 Re2 40. Ba3 Rxe3+ 41. Kh4 Nf4 42. Nf1 Rxh3# 0-1


[Site "https://www.chess.com"]

[Event "Titled Tuesday Blitz April 26 Early 2022"]
[White "Janaszak, Dawid"]
[Black "Gu, Xiaobing"]
[WhiteFideId "1119206"]
[BlackFideId "8602611"]
[WhiteElo "2199"]
[BlackElo "2174"]
[Result "1-0"]
[Round "01"]
[TimeControl "180+1"]
[Date "2022.04.26"]
[WhiteClock "0:01:13"]
[BlackClock "0:00:07"]

1. e4 c5 2. Nc3 d6 3. f4 a6 4. Nf3 b5 5. g3 Bb7 6. d3 Nf6 7. Bg2 e6 8. O-O Be7 9. h3 Nc6 10. a4 b4 11. Ne2 d5 12. e5 Nd7 13. c3 a5 14. Be3 Rc8 15. Qd2 Nb6 16. Bf2 O-O 17. g4 f6 18. exf6 Rxf6 19. Ng3 Rf8 20. Rfe1 Qd6 21. f5 e5 22. Ng5 c4 23. Ne6 cxd3 24. Qxd3 e4 25. Qb5 1-0


[Site "https://www.chess.com"]

[Event "Titled Tuesday Blitz April 26 Early 2022"]
[White "Jobava, Baadur"]
[Black "Manukyan, Sargis A."]
[WhiteFideId "13601520"]
[BlackFideId "13303970"]
[WhiteElo "2617"]
[BlackElo "2187"]
[Result "1-0"]
[Round "01"]
[TimeControl "180+1"]
[Date "2022.04.26"]
[WhiteClock "0:02:42"]
[BlackClock "0:01:06"]

1. d4 d5 2. Nc3 Bf5 3. Bf4 c6 4. e3 Nd7 5. f3 Ngf6 6. g4 Bg6 7. h4 h5 8. g5 Ng8 9. Bd3 Bxd3 10. cxd3 g6 11. Nge2 Bg7 12. Qb3 Qb6 13. Qc2 e5 14. dxe5 Nxe5 15. Bxe5 Bxe5 16. d4 Bg7 17. O-O-O Ne7 18. Kb1 O-O 19. Ng3 a5 20. f4 a4 21. f5 Qc7 22. Rhg1 Bh8 23. f6 Nc8 24. Nxd5 Qd6 25. Nf4 Re8 26. Nxg6 fxg6 27. Qxg6+ Kf8 28. Qh6+ Kf7 29. g6+ Ke6 30. f7 1-0


[Site "https://www.chess.com"]

[Event "Titled Tuesday Blitz April 26 Early 2022"]
[White "Johnson, Ben"]
[Black "Taboas Rodriguez, Daniel"]
[WhiteFideId "2010917"]
[BlackFideId "2208466"]
[WhiteElo "2168"]
[BlackElo "2429"]
[Result "0-1"]
[Round "01"]
[TimeControl "180+1"]
[Date "2022.04.26"]
[WhiteClock "0:00:10"]
[BlackClock "0:00:30"]

1. Nf3 Nf6 2. c4 g6 3. b3 Bg7 4. Bb2 O-O 5. g3 b6 6. Bg2 Bb7 7. O-O c5 8. d4 Ne4 9. Nbd2 d5 10. cxd5 Bxd5 11. Nxe4 Bxe4 12. e3 Nc6 13. Rc1 Qd5 14. Nh4 Bxg2 15. Nxg2 cxd4 16. Nf4 Qd6 17. Rc4 Rfd8 18. Qc1 Na5 19. Ra4 dxe3 20. Bxg7 exf2+ 21. Rxf2 Kxg7 22. Qb2+ Kg8 23. h4 Rac8 24. Kh2 Qd1 25. h5 Rc1 26. Kh3 Qh1+ 27. Rh2 Qf1+ 28. Rg2 g5 29. Qe5 gxf4 30. gxf4+ Qxg2+ 31. Kxg2 Rd2+ 32. Kf3 Rf1+ 33. Kg3 Rg1+ 34. Kf3 Nc6 35. Qc7 Nd4+ 36. Rxd4 Rxd4 37. Qc8+ Kg7 38. Qc3 Rd1 39. Ke3 Kh6 40. Qc2 R1d3+ 0-1


[Site "https://www.chess.com"]

[Event "Titled Tuesday Blitz April 26 Early 2022"]
[White "Jones, Daniel"]
[Black "Hasangatin, Ramil"]
[WhiteFideId "2019655"]
[BlackFideId "4122160"]
[WhiteElo "2342"]
[BlackElo "2375"]
[Result "0-1"]
[Round "01"]
[TimeControl "180+1"]
[Date "2022.04.26"]
[WhiteClock "0:00:15"]
[BlackClock "0:00:42"]

1. f4 d5 2. Nf3 g6 3. g3 c6 4. Bg2 Qb6 5. d3 Bg7 6. c3 h5 7. h3 Nh6 8. e4 a5 9. Qe2 dxe4 10. dxe4 Qa6 11. Qc2 Nd7 12. Be3 a4 13. Nbd2 b5 14. O-O Bb7 15. Ng5 c5 16. b4 cxb4 17. cxb4 Bxa1 18. Rxa1 f6 19. Ngf3 Nf7 20. Nh4 Rg8 21. Ndf3 Qc6 22. Qf2 Qc4 23. a3 Rc8 24. Nd2 Qc3 25. Bd4 Qc2 26. Re1 e5 27. fxe5 Nfxe5 28. Re2 Nd3 29. Qe3 N7e5 30. Ndf3 Qc1+ 31. Kh2 Qxe3 32. Rxe3 Rc2 33. Nxe5 Nxe5 34. Kg1 Kf7 35. Bxe5 fxe5 36. Rf3+ Kg7 37. Rd3 Rf8 38. Rd6 Rf6 39. Rd7+ Rf7 40. Rd6 Rc6 41. Rd8 Rc1+ 42. Kh2 Rc2 43. Rd6 Bxe4 44. Kg1 Bxg2 45. Nxg2 Rc1+ 46. Kh2 Rf2 47. Rd7+ Kh6 0-1


[Site "https://www.chess.com"]

[Event "Titled Tuesday Blitz April 26 Early 2022"]
[White "Kadam, Om Manish"]
[Black "Mohammadian, Mohammad"]
[WhiteFideId "45076294"]
[BlackFideId "12566055"]
[WhiteElo "1729"]
[BlackElo "1544"]
[Result "1-0"]
[Round "01"]
[TimeControl "180+1"]
[Date "2022.04.26"]
[WhiteClock "0:01:45"]
[BlackClock "0:00:33"]

1. e4 e5 2. Nf3 Nc6 3. Bc4 Bc5 4. c3 Nf6 5. d3 h6 6. b4 Bd6 7. a4 a6 8. Qb3 O-O 9. O-O b6 10. Nh4 Nxe4 11. Nf5 Nf6 12. f4 exf4 13. Nxd6 cxd6 14. Bxf4 d5 15. Bxd5 Nxd5 16. Qxd5 Bb7 17. Bd6 Qg5 18. Qxg5 hxg5 19. Bxf8 Rxf8 20. Nd2 Ne5 21. d4 Ng6 22. g3 f6 23. Rae1 Bd5 24. c4 Be6 25. d5 Bh3 26. Rf3 g4 27. Rfe3 Ne5 28. Rxe5 fxe5 29. Rxe5 Rf7 30. c5 bxc5 31. bxc5 Kf8 32. c6 dxc6 33. dxc6 Rf6 34. Rc5 Rd6 35. c7 Rxd2 36. c8=Q+ Kf7 37. Qf5+ Ke8 38. Rc8+ Rd8 39. Qf8+ Kxf8 40. Rxd8+ Ke7 41. Ra8 Kd6 42. Rxa6+ Kc5 43. Rg6 Kb4 44. Rxg7 Kxa4 45. Kf2 Kb4 46. Ke3 Kc4 47. Kf4 Kd5 48. Rxg4 Bxg4 49. Kxg4 Ke6 50. Kg5 Kf7 51. h4 Kg8 52. h5 Kh8 53. h6 Kg8 54. Kg6 Kh8 55. g4 Kg8 56. g5 Kh8 57. Kf7 Kh7 58. g6+ Kxh6 59. g7 Kh5 60. g8=Q Kh4 61. Qg2 Kh5 62. Qg3 Kh6 63. Qg6# 1-0


[Site "https://www.chess.com"]

[Event "Titled Tuesday Blitz April 26 Early 2022"]
[White "Karas, Marek"]
[Black "Pranav, V"]
[WhiteFideId "14928558"]
[BlackFideId "25060783"]
[WhiteElo "2271"]
[BlackElo "2349"]
[Result "0-1"]
[Round "01"]
[TimeControl "180+1"]
[Date "2022.04.26"]
[WhiteClock "0:00:22"]
[BlackClock "0:00:53"]

1. Nf3 Nf6 2. g3 d5 3. Bg2 c6 4. O-O Bg4 5. d4 Nbd7 6. c4 e6 7. cxd5 exd5 8. Nc3 Bd6 9. Bf4 Bxf4 10. gxf4 O-O 11. e3 Ne4 12. Qc2 Nd6 13. Nd2 Re8 14. Rfe1 Qh4 15. Nf1 Bf5 16. Qe2 Nf6 17. Qf3 Re6 18. Qg3 Qh6 19. Qg5 Qg6 20. Ng3 h6 21. Qxg6 Bxg6 22. Bh3 Re7 23. Rac1 Bd3 24. Bf1 Bxf1 25. Kxf1 h5 26. Rb1 h4 27. Nge2 Nc4 28. Red1 Rae8 29. b3 Nd6 30. Ng1 Nfe4 31. Nxe4 Nxe4 32. Rbc1 f6 33. Nf3 g5 34. fxg5 fxg5 35. Ne5 Rf8 36. Rc2 Kg7 37. Kg2 Nd6 38. f3 Nf5 39. Re2 Re6 40. Rde1 a5 41. Ng4 Ra8 42. Ne5 a4 43. b4 a3 44. Rb1 Ra4 45. b5 c5 46. Rd1 cxd4 47. exd4 Rxd4 48. Rde1 Rb4 49. Ng4 Rxe2+ 50. Rxe2 Rxb5 51. Re5 Nd4 52. Rxg5+ Kf7 53. Rh5 Rb2+ 54. Kh3 Ke6 55. Rh7 Nxf3 56. Ne3 Ng5+ 0-1


[Site "https://www.chess.com"]

[Event "Titled Tuesday Blitz April 26 Early 2022"]
[White "Karolczuk, Iwo"]
[Black "Pourkashiyan, Atousa"]
[WhiteFideId "21816972"]
[BlackFideId "12502014"]
[WhiteElo "2277"]
[BlackElo "2247"]
[Result "1-0"]
[Round "01"]
[TimeControl "180+1"]
[Date "2022.04.26"]
[WhiteClock "0:00:06"]
[BlackClock "0:00:11"]

1. d4 Nf6 2. c4 e6 3. g3 d5 4. Nf3 Be7 5. Bg2 O-O 6. O-O dxc4 7. Qc2 a6 8. a4 Bd7 9. Qxc4 Bc6 10. Bg5 Nbd7 11. Nc3 Bxf3 12. Bxf3 c6 13. Rfd1 a5 14. e4 h6 15. Be3 Bb4 16. Rac1 Rc8 17. Qe2 Qe7 18. h4 Rfd8 19. Kg2 e5 20. Kg1 exd4 21. Bxd4 Bc5 22. Bxf6 Nxf6 23. e5 Nd5 24. Bxd5 cxd5 25. Nxd5 Rxd5 26. Rxd5 Bxf2+ 27. Kxf2 Rxc1 28. Qd2 Qc7 29. Qd3 Qc2+ 30. Kf3 Qc6 31. Ke2 g6 32. h5 Qc2+ 33. Kf3 Qh2 34. hxg6 Qh1+ 35. Kg4 Re1 36. gxf7+ Kg7 37. f8=Q+ Kxf8 38. Rd8+ Kg7 39. Qd7+ Kg6 40. Rg8# 1-0


[Site "https://www.chess.com"]

[Event "Titled Tuesday Blitz April 26 Early 2022"]
[White "Khusenkhojaev, Muhammad"]
[Black "Samarth, J Rao"]
[WhiteFideId "14700247"]
[BlackFideId "46652370"]
[WhiteElo "2180"]
[BlackElo "1514"]
[Result "1-0"]
[Round "01"]
[TimeControl "180+1"]
[Date "2022.04.26"]
[WhiteClock "0:01:09"]
[BlackClock "0:00:26"]

1. e4 c5 2. Nf3 d6 3. d4 cxd4 4. Nxd4 Nf6 5. Nc3 a6 6. Bg5 e6 7. f4 Be7 8. Qf3 Qc7 9. O-O-O Nbd7 10. g4 b5 11. Bxf6 Nxf6 12. g5 Nd7 13. f5 O-O 14. Rg1 b4 15. Nce2 e5 16. f6 exd4 17. fxe7 Re8 18. Nxd4 Ne5 19. Qf4 Qc5 20. Be2 Rxe7 21. Kb1 a5 22. Nf5 Bxf5 23. exf5 Rc7 24. Rc1 a4 25. g6 fxg6 26. fxg6 h6 27. Bg4 a3 28. Be6+ Kh8 29. Rgf1 Nxg6 30. Qe4 d5 31. Qxg6 axb2 32. Rcd1 Rxa2 33. Qe8+ Kh7 34. Bg8+ 1-0


[Site "https://www.chess.com"]

[Event "Titled Tuesday Blitz April 26 Early 2022"]
[White "Kollars, Dmitrij"]
[Black "Ibadov, Dashgyn"]
[WhiteFideId "12909572"]
[BlackFideId "24107514"]
[WhiteElo "2584"]
[BlackElo "2138"]
[Result "1-0"]
[Round "01"]
[TimeControl "180+1"]
[Date "2022.04.26"]
[WhiteClock "0:00:16"]
[BlackClock "0:00:00"]

1. Nf3 d5 2. e3 Nf6 3. c4 e6 4. b3 Be7 5. Bb2 O-O 6. Nc3 b6 7. cxd5 exd5 8. Be2 Bb7 9. O-O Nbd7 10. Rc1 Re8 11. Qc2 a6 12. Qb1 Bd6 13. Na4 Qe7 14. b4 Rac8 15. a3 c5 16. bxc5 bxc5 17. Rfe1 Rb8 18. Nc3 Ne5 19. d4 Nc4 20. dxc5 Bxc5 21. Bxc4 dxc4 22. Nd4 Ne4 23. Qc2 Qg5 24. f3 Nxc3 25. Qxc3 Bxd4 26. Qxd4 Bxf3 27. Qxg7+ Qxg7 28. Bxg7 Kxg7 29. gxf3 Rb3 30. Kf2 Rxa3 31. Rxc4 a5 32. Re2 a4 33. Rg4+ Kf8 34. Rh4 Kg7 35. Rh5 Ra8 36. Rg5+ Kf6 37. Rg1 Rb3 38. Ra1 a3 39. Kg3 Ra7 40. Kf4 Ra4+ 41. e4 1-0


[Site "https://www.chess.com"]

[Event "Titled Tuesday Blitz April 26 Early 2022"]
[White "Korchmar, Vasiliy"]
[Black "Rengifo Blancas, Renzo Jhonathan"]
[WhiteFideId "24131750"]
[BlackFideId "3807185"]
[WhiteElo "2370"]
[BlackElo "2058"]
[Result "0-1"]
[Round "01"]
[TimeControl "180+1"]
[Date "2022.04.26"]
[WhiteClock "0:00:08"]
[BlackClock "0:00:16"]

1. e4 c6 2. d4 d5 3. e5 Bf5 4. c4 e6 5. Nc3 h5 6. h4 Nh6 7. Nge2 Be7 8. Ng3 Bxh4 9. Bxh6 Rxh6 10. Nxf5 exf5 11. cxd5 Qg5 12. Qf3 Qg4 13. Qxg4 hxg4 14. Bd3 g6 15. Ke2 Nd7 16. dxc6 bxc6 17. g3 Bg5 18. Rxh6 Bxh6 19. Rh1 Bg7 20. Rh7 Kf8 21. Rh1 Rb8 22. b3 c5 23. dxc5 Bxe5 24. Na4 Bd4 25. c6 Re8+ 26. Kd2 Ne5 27. Rh8+ Ke7 28. Rxe8+ Kxe8 29. c7 Kd7 30. Bc4 Nxc4+ 31. bxc4 Bxf2 32. Nc3 Bxg3 33. Nd5 Bxc7 34. Ke2 Be5 35. Nb4 f4 36. Nd3 Bc7 37. Nc5+ Kc6 38. Ne4 f3+ 39. Kf2 f5 40. Nf6 Bb6+ 41. Kf1 g3 42. Nd5 g2+ 43. Ke1 g1=Q+ 44. Kd2 Qd4+ 45. Kc2 Qxc4+ 46. Nc3 f2 47. Kb2 f1=Q 48. Kc2 Qfd3+ 49. Kb2 Qcxc3# 0-1


[Site "https://www.chess.com"]

[Event "Titled Tuesday Blitz April 26 Early 2022"]
[White "Kotepalli, Sai Nirupama"]
[Black "Maksimovic, Bojan"]
[WhiteFideId "5039444"]
[BlackFideId "14408120"]
[WhiteElo "2391"]
[BlackElo "2448"]
[Result "0-1"]
[Round "01"]
[TimeControl "180+1"]
[Date "2022.04.26"]
[WhiteClock "0:00:22"]
[BlackClock "0:01:50"]

1. e4 e5 2. Nf3 Nf6 3. d3 Nc6 4. g3 d5 5. Nbd2 Bc5 6. Bg2 O-O 7. O-O Re8 8. Qe2 h6 9. c3 a5 10. a4 Bg4 11. h3 Be6 12. Kh2 Qd7 13. Nh4 Rad8 14. exd5 Bxd5 15. Ne4 Be7 16. Nf3 Qe6 17. Re1 Nxe4 18. dxe4 Bc4 19. Qe3 Rd3 20. Qe2 Red8 21. Qc2 Bb3 22. Qb1 Rd1 23. Rxd1 Rxd1 24. Nd2 Bg5 25. Bf3 Re1 26. Nxb3 Qxb3 27. Ra3 Qb6 0-1


[Site "https://www.chess.com"]

[Event "Titled Tuesday Blitz April 26 Early 2022"]
[White "Kozak, Antoni"]
[Black "Silvestre, Christian"]
[WhiteFideId "21832030"]
[BlackFideId "30956269"]
[WhiteElo "2236"]
[BlackElo "2302"]
[Result "1-0"]
[Round "01"]
[TimeControl "180+1"]
[Date "2022.04.26"]
[WhiteClock "0:01:03"]
[BlackClock "0:00:30"]

1. Nf3 Nf6 2. c4 d6 3. g3 g6 4. Bg2 Bg7 5. O-O O-O 6. Nc3 c6 7. b4 e5 8. b5 e4 9. Ne1 d5 10. Ba3 Re8 11. bxc6 bxc6 12. cxd5 cxd5 13. Nc2 Ba6 14. Nd4 Qb6 15. Qa4 Bc4 16. e3 Bxf1 17. Nxd5 Qd8 18. Nxf6+ Bxf6 19. Rxf1 Nd7 20. Nb5 Nb6 21. Qb3 Qxd2 22. Nd6 Re6 23. Nxe4 Qd8 24. Rd1 Qc8 25. Nxf6+ Rxf6 26. Bxa8 Qxa8 27. Be7 Kg7 28. Qc3 Qc6 29. Bxf6+ Qxf6 30. Qxf6+ Kxf6 31. Rc1 Nd5 32. Rc6+ Ke5 33. Ra6 1-0


[Site "https://www.chess.com"]

[Event "Titled Tuesday Blitz April 26 Early 2022"]
[White "Krishnan, Varun"]
[Black "Dubov, Daniil"]
[WhiteFideId "5054508"]
[BlackFideId "24126055"]
[WhiteElo "2504"]
[BlackElo "2791"]
[Result "0-1"]
[Round "01"]
[TimeControl "180+1"]
[Date "2022.04.26"]
[WhiteClock "0:00:14"]
[BlackClock "0:00:43"]

1. e4 c5 2. Nf3 e6 3. d4 cxd4 4. Nxd4 a6 5. Bd3 Bc5 6. Nb3 Ba7 7. Qg4 Nf6 8. Qh4 Nc6 9. O-O b5 10. a4 b4 11. N1d2 Ne5 12. Nc4 Nxc4 13. Bxc4 Bb7 14. Bd3 Nxe4 15. Qg4 f5 16. Qxg7 Qf6 17. Qxf6 Nxf6 18. Bf4 Rg8 19. g3 h5 20. Na5 Bd5 21. Nc4 h4 22. Ne3 hxg3 23. hxg3 Bf3 24. Rae1 Rh8 25. Ng2 Kf7 26. Nh4 Bc6 27. Be3 Bxe3 28. Rxe3 Rag8 29. Ng2 Ng4 30. Re2 Nh2 31. f4 Nxf1 32. Kxf1 Rxg3 33. Bxa6 Rh1+ 34. Kf2 Rf3# 0-1


[Site "https://www.chess.com"]

[Event "Titled Tuesday Blitz April 26 Early 2022"]
[White "Kucuksari, Kaan"]
[Black "Hoffmann, Asa"]
[WhiteFideId "6380166"]
[BlackFideId "2001470"]
[WhiteElo "2305"]
[BlackElo "2117"]
[Result "1-0"]
[Round "01"]
[TimeControl "180+1"]
[Date "2022.04.26"]
[WhiteClock "0:01:03"]
[BlackClock "0:00:27"]

1. d4 Nf6 2. c4 c5 3. d5 e5 4. Nc3 d6 5. e4 Be7 6. Nf3 Nbd7 7. g3 O-O 8. Bg2 b5 9. cxb5 a6 10. b6 Qxb6 11. O-O a5 12. Nh4 Ne8 13. Nf5 Bf6 14. a4 c4 15. Ne3 Ba6 16. h4 Nc5 17. Ng4 Nd3 18. Qe2 Rb8 19. h5 Nxc1 20. Raxc1 Qxb2 21. Rc2 Qb6 22. h6 g6 23. Nb5 Bxb5 24. axb5 Qxb5 25. Qxc4 Qxc4 26. Rxc4 Be7 27. Ra1 Ra8 28. Bh3 Bg5 29. Rca4 f5 30. exf5 gxf5 31. Ne3 Bxe3 32. fxe3 Kf7 33. Bxf5 Nf6 34. Rxa5 Rxa5 35. Rxa5 Rb8 36. Ra7+ Kf8 37. Be6 Nh5 38. Rf7+ Ke8 39. Rxh7 Rb3 40. Bf7+ 1-0


[Site "https://www.chess.com"]